 Dungeon Crawl Stone Soup version 0.30.1-9-gdf580d7c3d (webtiles) character file.

Game seed: 6807466437558509744

20576 sizableburger the Fencer (level 12, -3/76 HPs)
             Began as a Deep Elf Monk on Sept 28, 2023.
             Was a High Priest of Trog.
             Slain by a white ugly thing (24 damage)
             ... on level 11 of the Dungeon on Sept 30, 2023.
             The game lasted 00:34:21 (13611 turns).

sizableburger the Fencer (Deep Elf Monk)           Turns: 13611, Time: 00:34:21

Health: -3/76      AC: 12    Str: 14    XL:     12   Next: 46%
Magic:  14/14      EV: 22    Int: 17    God:    Trog [*****.]
Gold:   413        SH:  5    Dex: 21    Spells: 11/11 levels left

rFire   . . .        B - +2 great sword (flame)
rCold   . . .        (shield currently unavailable)
rNeg    . . .        x - +3 leather armour
rPois   .            (no helmet)
rElec   .            M - +1 cloak
rCorr   .            F - +2 pair of gloves
SInv    .            h - +0 pair of boots
Will    +....        j - amulet of reflection
Stlth   ++           s - +5 ring of evasion
HPRegen 0.32/turn    y - +6 ring of strength
MPRegen 0.14/turn

%: reflection
@: about to teleport
A: no striking features
a: Renounce Religion, Berserk, Trog's Hand, Brothers in Arms


You were on level 11 of the Dungeon.
You worshipped Trog.
Trog was extremely pleased with you.
You visited 1 branch of the dungeon, and saw 11 of its levels.
You also visited: Bailey.

You collected 669 gold pieces.
You spent 256 gold pieces at shops.

Inventory:

Hand Weapons
 B - a +2 great sword of flaming (weapon)
 I - a +0 shortbow
Missiles
 f - 21 poisoned darts (quivered)
 r - a throwing net
Armour
 h - a +0 pair of boots (worn)
 x - a +3 leather armour (worn)
 F - a +2 pair of gloves (worn)
 M - a +1 cloak (worn)
 O - a +0 ring mail of willpower
Jewellery
 d - a ring of positive energy
 j - an amulet of reflection (around neck)
 s - a +5 ring of evasion (left hand)
 y - a +6 ring of strength (right hand)
 C - a ring of fire
 G - an amulet of regeneration
 H - a ring of magical power
Wands
 o - a wand of mindburst (8)
 A - a wand of flame (3)
 J - a wand of roots (24)
 Q - a wand of digging (5)
Scrolls
 a - a scroll of teleportation
 b - a scroll of identify
 g - 3 scrolls of immolation
 i - 3 scrolls of torment
 p - 2 scrolls of silence
 q - 2 scrolls of magic mapping
 w - a scroll of amnesia
 K - 2 scrolls of fog
 L - a scroll of blinking {unknown}
 P - a scroll of butterflies
Potions
 c - 5 potions of ambrosia
 e - a potion of might {unknown}
 k - a potion of mutation
 l - 2 potions of heal wounds
 m - 2 potions of resistance
 n - 3 potions of curing
 t - 2 potions of haste {unknown}
 u - a potion of flight
 v - 2 potions of lignification
 z - a potion of invisibility
 D - a potion of brilliance
 E - 3 potions of magic {unknown}
 N - a potion of cancellation {unknown}


   Skills:
 + Level 9.1 Fighting
 + Level 15.6 Long Blades
 + Level 2.7 Ranged Weapons
 + Level 8.6 Dodging


You had 11 spell levels left.
You didn't know any spells.
Your spell library contained the following spells:

 Spells                   Type           Power      Damage    Failure   Level
 Portal Projectile        Hex/Tloc       0%         N/A       65%         3
 Tukima's Dance           Hex            0%         N/A       65%         3
 Summon Ice Beast         Ice/Summ       0%         N/A       96%         4
 Blade Hands              Tmut           0%         N/A       100%        5
 Summon Mana Viper        Hex/Summ       0%         N/A       100%        5
 Monstrous Menagerie      Summ           0%         N/A       100%        7


Dungeon Overview and Level Annotations

Branches:
Dungeon (11/15)            Temple (0/1) D:6            Lair (0/5) D:11
    Orc (0/2) D:10         Bailey (visited)

Altars:
Cheibriados
Gozag
Kikubaaqudgha
Okawaru
Trog
Wu Jian

Shops:
D:4 :   D:7 (


Message History

The black bear is severely wounded.
The black bear bites you but does no damage.
The black bear claws you but does no damage.
You block the black bear's attack.
The yak gores the plant.
The plant begins to die.
You block the yak's attack.
You hit the black bear. You burn the black bear.
The black bear is almost dead.
The black bear misses you. The black bear completely misses you.
The black bear barely misses you.
The yak gores the bush.
You slice the black bear!! You burn the black bear.
You kill the black bear!
Trog accepts your kill. The yak closely misses you.
The yak gores the bush!
You slice the white ugly thing!! You burn the white ugly thing!
The white ugly thing is heavily wounded.
The white ugly thing punches you! The white ugly thing freezes you!!
The wyvern bites you but does no damage.
You slice the white ugly thing!! You burn the white ugly thing.
The white ugly thing is almost dead.
The yak gores the bush but does no damage.
The yak gores the fungus!
The fungus begins to die.
The yak gores you but does no damage. The yak closely misses you. x2
The wyvern misses you. The white ugly thing misses you.
Unknown command.
The yak attacks as you move away! You block the yak's attack.
The white ugly thing closely misses you.
The wyvern completely misses you.
A nearby plant withers and dies.
The wyvern bites the plant!
The plant begins to die.
The yak attacks as you move away! You block the yak's attack.
The white ugly thing attacks as you move away!
The white ugly thing punches you! The white ugly thing freezes you!
The yak attacks as you move away! The yak closely misses you.
A nearby fungus withers and dies.
As you read the scroll of teleportation, it crumbles to dust.
You feel strangely unstable. You block the yak's attack.
The yak gores the bush.
The white ugly thing punches you.
* * * LOW HITPOINT WARNING * * *
The white ugly thing freezes you!!
You die...

.......##.########
## ###.#####†###
.##.## #....†....#
.....♣! #######...#
#........
#...##+###.........
#.................P.
#.............P.....
#.......P...........
#...##..@uY♣..P..P..
#...##.#PY.....>....
#...##..YlYY...$.♣..
#...####..PY......♣.
#...# ##.......P...
##### #.....P.....
##...[......
#..........
#.##...P...


You could see a white ugly thing, 6 yaks and a wyvern.

Vanquished Creatures
  2 vault guards (Bailey)
  2 centaur warriors (D:9)
  2 boulder beetles
  5 two-headed ogres
  Erica (D:8)
  A skeletal warrior (D:9)
  A wizard (D:9)
  Pikel (D:7)
  An ugly thing (D:9)
  Joseph (D:7)
  Psyche (D:9)
  A kobold demonologist (D:9)
  3 trolls
  4 hornets
  Prince Ribbit (Bailey)
  A shadow (D:10)
  6 slime creatures
  3 wyverns
  A vampire (D:10)
  A basilisk (D:9)
  4 humans (Bailey)
  4 yaks
  2 steam dragons
  3 vampire mosquitoes (D:10)
  5 water moccasins
  3 black bears
  2 ice beasts
  6 orc warriors
  A sky beast (D:8)
  2 ogres
  A wolf (D:11)
  7 centaurs
  2 lemures (D:7)
  4 kobold brigands
  16 bullfrogs
  A gnoll sergeant (D:7)
  2 scorpions
  7 wights
  3 killer bees (D:9)
  A howler monkey (D:9)
  4 hounds
  A jelly (D:7)
  Crazy Yiuf (D:7)
  4 orc priests (D:10)
  Jessica (D:2)
  3 iguanas
  A sleepcap (D:6)
  17 orc wizards
  Robin (D:3)
  15 gnolls
  5 adders
  2 white imps
  2 ufetubi (D:7)
  5 worms
  3 dart slugs
  55 orcs
  5 endoplasms
  18 goblins
  9 hobgoblins
  4 jackals (D:3)
  20 kobolds
  5 quokkas
  8 ball pythons
  8 bats
  5 frilled lizards
  7 rats
324 creatures vanquished.

Notes
Turn   | Place    | Note
-------+----------+-------------------------------------------
     0 | D:1      | sizableburger the Deep Elf Monk began the quest for the
                  | Orb.
     0 | D:1      | Reached XP level 1. HP: 13/13 MP: 3/3
   282 | D:1      | Reached XP level 2. HP: 11/18 MP: 4/4
   356 | D:1      | Reached skill level 3 in Long Blades
  1004 | D:2      | Found an ancient bone altar of Kikubaaqudgha.
  1115 | D:2      | Reached XP level 3. HP: 22/22 MP: 5/5
  1533 | D:2      | Noticed Jessica
  1863 | D:3      | Found a bloodstained altar of Trog.
  1875 | D:3      | Became a worshipper of Trog the Wrathful
  1875 | D:3      | Reached * piety under Trog
  1875 | D:3      | Reached ** piety under Trog
  1945 | D:3      | Noticed Robin
  1961 | D:3      | Killed Robin
  1962 | D:3      | Reached XP level 4. HP: 18/28 MP: 6/6
  2089 | D:2      | Killed Jessica
  2371 | D:2      | Reached skill level 4 in Long Blades
  2596 | D:3      | Reached XP level 5. HP: 29/33 MP: 7/7
  3640 | D:4      | Found Suomuoge's Book Shop.
  3856 | D:4      | Reached *** piety under Trog
  4079 | D:4      | Reached XP level 6. HP: 34/38 MP: 8/8
  4855 | D:5      | Entered Level 5 of the Dungeon
  4934 | D:5      | Reached skill level 5 in Long Blades
  4999 | D:5      | Noticed a two-headed ogre
  5006 | D:5      | Killed a two-headed ogre
  5007 | D:5      | Reached skill level 5 in Fighting
  5007 | D:5      | Reached XP level 7. HP: 44/44 MP: 9/9
  5007 | D:5      | Reached XP level 8. HP: 50/50 MP: 10/10
  5045 | D:5      | Reached skill level 6 in Long Blades
  5595 | D:6      | Identified the +2 trident "Grim Tooth" {freeze, rC+}
  5819 | D:6      | Found a staircase to the Ecumenical Temple.
  5888 | D:6      | Reached skill level 7 in Long Blades
  6031 | D:6      | Reached **** piety under Trog
  6340 | D:7      | Reached XP level 9. HP: 37/56 MP: 11/11
  6417 | D:7      | Found an ornate altar of the Wu Jian Council.
  6614 | D:8      | Reached skill level 8 in Long Blades
  6822 | D:7      | Found a runed translucent door.
  6823 | D:7      | Noticed Crazy Yiuf
  6832 | D:7      | Killed Crazy Yiuf
  6882 | D:7      | Identified the +0 robe of Day {Harm *Slow Int+3}
  7167 | D:7      | Noticed Pikel
  7183 | D:7      | Killed Pikel
  7512 | D:7      | Found Zoichuh's Antique Weapon Boutique.
  7604 | D:7      | Noticed Joseph
  7683 | D:7      | Killed Joseph
  7684 | D:7      | Reached skill level 9 in Long Blades
  8231 | D:7      | Reached skill level 10 in Long Blades
  8231 | D:7      | Reached XP level 10. HP: 24/64 MP: 12/12
  9465 | D:8      | Noticed Erica
  9472 | D:8      | Killed Erica
  9473 | D:8      | Reached skill level 11 in Long Blades
  9938 | D:9      | Found an iron altar of Okawaru.
  9995 | D:9      | Found a snail-covered altar of Cheibriados.
  9996 | D:9      | Found an opulent altar of Gozag.
 10073 | D:9      | Noticed a two-headed ogre
 10078 | D:9      | Noticed a centaur warrior
 10097 | D:9      | Reached skill level 12 in Long Blades
 10100 | D:9      | Killed a two-headed ogre
 10354 | D:9      | Killed a centaur warrior
 10355 | D:9      | Reached XP level 11. HP: 25/68 MP: 13/13
 10530 | D:9      | Reached ***** piety under Trog
 10569 | D:9      | Reached skill level 13 in Long Blades
 10571 | D:9      | Noticed a two-headed ogre
 10585 | D:9      | Killed a two-headed ogre
 10597 | D:9      | Noticed a boulder beetle
 10632 | D:9      | Noticed a brown ugly thing
 10672 | D:9      | Noticed a skeletal warrior
 10839 | D:9      | Noticed Psyche
 10849 | D:9      | Killed Psyche
 11097 | D:9      | Killed a skeletal warrior
 11098 | D:9      | Reached skill level 14 in Long Blades
 11182 | D:9      | Noticed a wizard
 11202 | D:9      | Killed a wizard
 11258 | D:9      | Noticed a two-headed ogre
 11269 | D:9      | Killed a two-headed ogre
 11319 | D:9      | Killed a boulder beetle
 11368 | D:9      | Killed a brown ugly thing
 11379 | D:9      | Noticed a centaur warrior
 11389 | D:9      | Killed a centaur warrior
 11390 | D:9      | Reached skill level 15 in Long Blades
 11616 | D:7      | Bought a glowing great sword for 256 gold pieces
 11978 | D:9      | You fall into a shaft and drop 1 floor!
 11978 | D:10     | Entered Level 10 of the Dungeon
 12061 | D:10     | Found a flagged portal.
 12071 | Bailey   | Entered a bailey
 12225 | Bailey   | Noticed Prince Ribbit
 12225 | Bailey   | Noticed a vault guard
 12252 | Bailey   | Killed Prince Ribbit
 12274 | Bailey   | Killed a vault guard
 12275 | Bailey   | Reached XP level 12. HP: 75/75 MP: 14/14
 12358 | Bailey   | Noticed a vault guard
 12373 | Bailey   | Killed a vault guard
 13074 | D:10     | Received a gift from Trog
 13113 | D:10     | Found a staircase to the Orcish Mines.
 13455 | D:11     | Noticed a two-headed ogre
 13467 | D:11     | Killed a two-headed ogre
 13468 | D:11     | Reached skill level 1 in Ranged Weapons
 13472 | D:11     | Noticed a boulder beetle
 13493 | D:11     | Killed a boulder beetle
 13590 | D:11     | Found a staircase to the Lair.
 13611 | D:11     | Slain by a white ugly thing

Illustrated notes

Levels and vault maps discovered:
D:1:      minmay_arrival_jagged, layout_loops_ring,
          ebering_dispersal_statue_hall
D:2:      layout_basic, basic_altar, st_stairs_8, kennysheep_jessica_study
D:3:      layout_basic, mainiacjoe_overflow_alcove_1, uniq_robin
D:4:      layout_layer_cave, serial_shops, shop
D:5:      layout_rooms, serial_bayou_pond_a
D:6:      layout_rooms, minmay_temple_entry_tees, minivault_14
D:7:      lemuel_ice_spiral_2, layout_basic, nicolae_overflow_crystal_walls,
          serial_shops, shop, uniq_joseph, uniq_pikel, uniq_crazy_yiuf_cottage
D:8:      minmay_skewed_foursquare, layout_loops_ring, uniq_erica
D:9:      minmay_the_grid_3x3 [minmay_the_grid_gridbox,
          minmay_the_grid_outer_diamond, minmay_the_grid_odd_star,
          minmay_the_grid_diamond_grid, minmay_the_grid_minigrid_small,
          minmay_the_grid_square_x, minmay_the_grid_pillar_ring,
          minmay_the_grid_zigzag_pyramid, minmay_the_grid_prize_big_room],
          layout_long_grid, grunt_temple_overflow_open, kennysheep_small_circle,
          uniq_psyche
D:10:     layout_basic, david_orc_5, enter_bailey_6, dk_noncrumbling_4
D:11:     layout_basic, minmay_lair_entry_grove

Skill      XL: |  1  2  3  4  5  6  7  8  9 10 11 12 |
---------------+-------------------------------------+-----
Long Blades    | 3 4 5 7 10 12 15 | 15.6
Fighting       | 3 4 5 6 8 9 |  9.1
Dodging        | 4 6 7 8 |  8.6
Ranged Weapons | 2 |  2.7

Action                     |  1- 3 |  4- 6 |  7- 9 | 10-12 || total
---------------------------+-------+-------+-------+-------++-------
  Melee: Falchion          |   112 |   156 |   364 |    68 ||   700
         Scimitar          |       |       |       |   164 ||   164
         Long sword        |       |       |       |    41 ||    41
         Great sword       |       |       |       |   190 ||   190
   Fire: Shortbow          |       |       |       |     7 ||     7
  Throw: Dart              |     4 |     7 |     7 |    14 ||    32
 Invoke: Berserk           |     1 |     3 |     1 |     7 ||    12
         Trog's Hand       |       |       |       |     1 ||     1
  Evoke: Wand              |       |     5 |     2 |     8 ||    15
    Use: Scroll            |       |    10 |     9 |     7 ||    26
         Potion            |       |       |       |     1 ||     1
   Stab: Sleeping          |     1 |       |       |     1 ||     2
 Armour: Robe              |    15 |    11 |       |       ||    26
         Leather armour    |       |     2 |    57 |    81 ||   140
  Dodge: Dodged            |    73 |    83 |   277 |   325 ||   758
  Block: Orb               |    18 |    24 |    80 |    56 ||   178
         Reflection        |       |     2 |     3 |     2 ||     7
         Other             |       |       |       |    28 ||    28
